 Dungeon Crawl Stone Soup version 0.27.1-16-g815e20cd7a (webtiles) character file.

Game seed: 13743770431664253615

98036 bearlyready the Unseen (level 15, -15/79 HPs)
             Began as a Spriggan Brigand on Nov 22, 2021.
             Was an Initiate of Gozag.
             Demolished by a bunyip (24 damage)
             ... on level 1 of the Swamp on Nov 23, 2021.
             The game lasted 01:46:20 (40307 turns).

bearlyready the Unseen (Spriggan Brigand)          Turns: 40307, Time: 01:46:21

Health: -15/79     AC: 10    Str:  7    XL:     15   Next: 73%
Magic:  16/16      EV: 37    Int: 14    God:    Gozag
Gold:   7880       SH: 11    Dex: 27    Spells: 14/14 levels left

rFire    . . .     SeeInvis +   a - +10 rapier of Luhelug {venom, Dex+5}
rCold    . . .     Faith    .   W - +2 buckler {AC+3}
rNeg     . . .     Spirit   .   D - +0 steam dragon scales
rPois    +         Reflect  .   (helmet restricted)
rElec    .         Harm     .   c - +0 cloak
rCorr    .         Rampage  .   (gloves unavailable)
Will     ++...                  (boots unavailable)
Stlth    ++++++++..             u - amulet of the acrobat
HPRegen  0.23/turn              J - ring of poison resistance
MPRegen  0.15/turn              E - +4 ring of slaying

@: very quick
A: very small, no large weapons, unfitting armour, see invisible, speed 3
a: Renounce Religion, Potion Petition, Call Merchant, Bribe Branch


You were on level 1 of the Swamp.
You worshipped Gozag.
Gozag was greatly pleased with you.
You visited 5 branches of the dungeon, and saw 23 of its levels.

You collected 8109 gold pieces.
You spent 216 gold pieces at shops.
You paid 13 gold pieces to Gozag.

Inventory:

Hand Weapons
 a - the +10 rapier of Luhelug (weapon) {venom, Dex+5}
   (You took it off a centaur on level 13 of the Dungeon)

   It poisons the flesh of those it strikes.
   Dex:       It affects your dexterity (+5).
 b - a +0 vorpal hunting sling
 K - a +2 dagger of draining
 N - a +2 dagger of venom
 S - a +0 rapier
 X - the +8 dagger of the Desolation of Salt {vorpal, Str+2 Dex+3}
   (You found it on level 8 of the Dungeon)

   It inflicts extra damage upon your enemies.
   Str:       It affects your strength (+2).
   Dex:       It affects your dexterity (+3).
 Z - a +4 rapier
Missiles
 h - 471 stones
 o - 118 sling bullets
 r - 16 poisoned darts (quivered)
 v - 21 boomerangs
 I - 7 datura-tipped darts
 M - 3 boomerangs of dispersal
 O - 10 silver boomerangs
 Y - 10 curare-tipped darts
Armour
 c - a +0 cloak (worn)
 e - the -6 hat of Utamudu {+Blink Int+2 SInv}
   (You bought it in a shop on level 2 of the Orcish Mines)

   Int:       It affects your intelligence (+2).
   SInv:      It lets you see invisible.
   +Blink:    It lets you blink.
 D - +0 steam dragon scales (worn)
 W - a +2 buckler of protection (worn)
Jewellery
 j - a +6 ring of dexterity
 s - a ring of protection from cold
 u - an amulet of the acrobat (around neck)
 y - a +4 ring of evasion
 E - a +4 ring of slaying (right hand)
 J - a ring of poison resistance (left hand)
 V - a ring of flight
Wands
 x - a wand of paralysis (10)
 z - a wand of iceblast (10)
 B - a wand of flame (90)
 H - a wand of charming (11)
 R - a wand of polymorph (13)
 T - a wand of digging (3)
Scrolls
 k - 3 scrolls of enchant weapon
 n - a scroll of teleportation
 p - 5 scrolls of fog
 q - 6 scrolls of amnesia
 C - a scroll of magic mapping
 G - a scroll of fear
 U - 4 scrolls of enchant armour
Potions
 d - 3 potions of cancellation
 f - 5 potions of attraction
 g - 2 potions of ambrosia
 i - 7 potions of haste
 l - 2 potions of magic {unknown}
 m - 6 potions of curing
 t - 2 potions of invisibility {unknown}
 w - 2 potions of resistance
 A - 5 potions of heal wounds {unknown}
 F - 3 potions of brilliance {unknown}
 L - 6 potions of lignification {unknown}
 Q - 4 potions of might {unknown}


   Skills:
 - Level 9.0 Fighting
 + Level 11.2 Short Blades
 - Level 10.0(10.1) Slings
 - Level 2.3(5.8) Throwing
 - Level 5.0 Armour
 + Level 16.5 Dodging
 + Level 20.6 Stealth
 - Level 5.0 Shields
 - Level 12.0 Evocations


You had 14 spell levels left.
You didn't know any spells.
Your spell library contained the following spells:

 Spells                   Type           Power      Damage    Failure   Level
 Freeze                   Ice            0%         1d3       32%         1
 Pain                     Necr           0%         1d4       32%         1
 Conjure Flame            Conj/Fire      0%         6-21      69%         3
 Dazzling Flash           Conj/Hex       0%         N/A       69%         3
 Frozen Ramparts          Ice            0%         1d2       69%         3
 Ignite Poison            Fire/Tmut/Pois 0%         N/A       69%         3
 Inner Flame              Hex/Fire       0%         N/A       69%         3
 Mephitic Cloud           Conj/Pois/Air  0%         N/A       69%         3
 Portal Projectile        Hex/Tloc       0%         N/A       69%         3
 Cause Fear               Hex            0%         N/A       97%         4
 Hailstorm                Conj/Ice       0%         3d3       97%         4
 Ice Form                 Ice/Tmut       0%         N/A       97%         4
 Sticky Flame             Conj/Fire      0%         2d3       97%         4
 Agony                    Necr           0%         N/A       100%        5
 Blade Hands              Tmut           0%         N/A       100%        5
 Bolt of Magma            Conj/Fire/Erth 0%         4d4       100%        5
 Excruciating Wounds      Necr           0%         N/A       100%        5
 Iskenderun's Battlesphe  Conj           0%         2d6       100%        5
 Silence                  Hex/Air        0%         N/A       100%        5
 Conjure Ball Lightning   Conj/Air       0%         3x3d6     100%        6
 Iron Shot                Conj/Erth      0%         9d1       100%        6
 Simulacrum               Ice/Necr       0%         N/A       100%        6
 Spellforged Servitor     Conj/Summ      0%         N/A       100%        7
 Discord                  Hex            0%         N/A       100%        8
 Disjunction              Tloc           0%         N/A       100%        8


Dungeon Overview and Level Annotations

Branches:
Dungeon (13/15)            Temple (1/1) D:5            Lair (6/6) D:9
  Swamp (1/4) Lair:4        Snake (0/4) Lair:3        Slime (0/5) Lair:6
    Orc (2/2) D:11            Elf (0/3) Orc:2        Vaults (0/5) D:13

Altars:
Ashenzari
Cheibriados
Dithmenos
Elyvilon
Fedhas
Gozag
Hepliaklqana
Kikubaaqudgha
Makhleb
Nemelex Xobeh
Okawaru
Qazlal
Ru
Sif Muna
Trog
Uskayaw
Vehumet
Wu Jian
Xom
Yredelemnul
Zin
The Shining One
Beogh

Shops:
Orc:2 [((

Annotations:
D:13 Rupert
Lair:4 2 transporters, zeram's ghost, journeyman GnEn
Orc:2 1 runed translucent door, SquidGame's ghost, journeyman TeBe


Innate Abilities, Weirdness & Mutations

You are very small and have problems with some larger weapons.
You are too small for most types of armour.
You have supernaturally acute eyesight. (SInv)
You cover ground extremely quickly. (Speed+++)


Message History

J - a ring of poison resistance (left hand)
The bunyip looks more healthy.
You bump into the rock wall.
The bunyip howls a warning cry!
You feel less confused. You block the bunyip's attack.
The bunyip completely misses you. x2
You are too injured to fight recklessly!
You puncture the bunyip!
The bunyip is heavily wounded.
You hit the bunyip.
The bunyip is heavily wounded.
The swamp drake breathes poison at you.
The noxious blast engulfs the bunyip but does no damage.
The bunyip is poisoned.
Throw: 18 darts (poison)
Press: ? - help, Q - select action, (/) - cycle Shift-Dir - straight line, f - bunyip
Aim: a bunyip (noxious fumes, heavily wounded, poisoned, catching its breath, 73% to hit)
You throw a poisoned dart.
The poisoned dart barely misses the bunyip.
The poisoned dart hits the swamp drake!
Throw: 17 darts (poison)
Press: ? - help, Q - select action, (/) - cycle Shift-Dir - straight line, f/p - bunyip
Aim: a bunyip (noxious fumes, heavily wounded, poisoned, catching its breath, 73% to hit)
You throw a poisoned dart. The poisoned dart hits the bunyip!
The bunyip is heavily wounded.
You puncture the bunyip!
The bunyip is severely wounded.
The bunyip claws you!! The bunyip misses you. The bunyip completely misses you.
The bunyip looks more healthy.
The swamp drake breathes poison at you. The noxious blast misses you.
You start resting.
A bunyip is nearby!
You barely miss the bunyip.
The bunyip is severely wounded.
The bunyip barely misses you. The bunyip claws you!!
* * * LOW HITPOINT WARNING * * *
The bunyip claws you!!
You die...
Your body crumbles into a pile of gold.

.[≈..♣♣♣............♣≈.≈≈≈.♣≈≈..≈
≈..≈.≈♣...°..(....≈♣♣..≈≈≈≈..≈≈.♣
.≈≈.≈≈..#####.+#...♣♣♣..≈≈≈≈≈≈...
...≈≈...#...#..#...♣ ♣♣.....≈..≈≈
♣..♣.≈.........#...♣♣♣♣....§.≈...
.[≈........)#.k#..≈≈≈♣.≈≈≈.....♣.
..≈.≈§..##.#°#x#..≈≈≈≈.≈≈≈....♣♣§
≈.......#...°°°#...≈...§≈≈≈...♣..
≈≈......#..#.°°#@.≈♣♣≈≈.≈≈..)♣♣.≈
≈..≈....###.##°#x.♣♣♣♣♣§...♣♣♣♣.≈
≈♣.§≈.≈..........♣♣ ..♣≈♣♣♣ ♣♣≈
...≈≈≈..........≈.♣ ♣..♣♣♣ ♣♣
.≈..≈.≈..≈..≈..≈≈≈♣♣♣♣♣♣♣♣♣♣♣♣
♣.≈≈.....≈.≈...≈≈≈♣≈≈≈....≈§≈♣♣
♣♣≈≈......≈...≈.≈≈≈§≈≈..≈.≈≈≈.♣♣♣
♣♣...≈..♣.≈.≈♣..≈§≈§≈...........
♣♣...♣♣♣♣♣♣♣♣.≈§.≈≈<♣♣♣♣♣♣...§≈


You could see a bunyip.

Vanquished Creatures
  2 fenstrider witches (Swamp:1)
  An orc warlord (D:11)
  Nessos (Lair:5)
  An eleionoma (Swamp:1)
  A yaktaur captain (D:13)
  Erolcha (D:9)
  10 hydras
  A boulder beetle (Lair:4)
  16 two-headed ogres
  2 centaur warriors
  An alligator (Swamp:1)
  A catoblepas (D:13)
  4 ogre magi
  2 orc high priests
  A tengu warrior (D:13)
  6 death yaks
  Sonja (D:13)
  A skeletal warrior (D:13)
  4 goliath frogs (Swamp:1)
  A bog body (Lair:4)
  A spriggan druid (Swamp:1)
  A phantasmal warrior (D:13)
  Pikel (D:4)
  3 orc knights (Orc:1)
  4 orc sorcerers
  2 deep elf pyromancers (D:12)
  4 cyclopes
  An ugly thing (D:10)
  16 elephants
  A guardian serpent (Lair:4)
  3 black mambas
  A torpor snail (Lair:2)
  Maggie (D:6)
  8 cane toads
  A yaktaur (D:13)
  A gargoyle (D:12)
  An unseen horror (D:10)
  A kobold demonologist (D:12)
  A rime drake (Lair:2)
  Psyche (D:11)
  10 komodo dragons
  A freezing wraith (D:12)
  6 trolls
  7 hornets
  Grinder (D:6)
  6 slime creatures (D:9)
  5 polar bears (Lair:6)
  2 tyrant leeches (Swamp:1)
  A snapping turtle (shapeshifter) (D:12)
  12 blink frogs
  7 dream sheep (Lair:5)
  A vampire (D:10)
  12 spriggans
  Sigmund (D:6)
  A wraith (D:12)
  2 shadows
  46 yaks
  2 wyverns
  Grum (Lair:1)
  3 basilisks
  A steam dragon (Lair:2)
  4 vampire mosquitoes
  4 nagas
  2 wargs
  6 swamp worms (Swamp:1)
  A two-headed ogre zombie (D:11)
  2 acid dragons
  The ghost of zeram the Sneak, an amateur KoEn (D:3)
  18 water moccasins
  2 swamp drakes (Swamp:1)
  2 ice beasts (D:7)
  17 orc warriors
  A sky beast (D:7)
  7 black bears
  A necrophage (D:8)
  36 ogres
  5 boggarts (Lair:6)
  29 wolves
  14 centaurs
  2 kobold brigands (D:7)
  A phantom (D:11)
  Blork the orc (D:6)
  9 bullfrogs
  7 scorpions
  2 gnoll sergeants
  A wyvern skeleton (D:7)
  2 troll zombies (D:11)
  11 wights
  3 killer bees (D:11)
  A howler monkey (D:9)
  A vampire bat (D:4)
  3 electric eels
  7 centaur zombies
  6 hounds
  A bullfrog zombie (D:6)
  7 orc priests
  A jelly (D:5)
  A bullfrog skeleton (D:6)
  3 gnoll shamans
  3 iguanas
  11 orc wizards
  5 ogre zombies (D:11)
  A hound skeleton (D:4)
  A howler monkey zombie (D:5)
  Robin (D:3)
  16 gnolls
  7 adders
  A white imp (D:6)
  A worm (D:4)
  3 dart slugs
  3 fire bats (D:4)
  57 orcs
  2 spectral bats (D:4)
  11 ball pythons
  19 bats
  3 bat skeletons (D:4)
  4 endoplasms
  3 giant cockroaches (D:2)
  16 goblins
  6 hobgoblins
  15 kobolds
  A quokka (D:2)
  A bat simulacrum (D:4)
  3 frilled lizards
  4 goblin zombies (D:11)
  A hobgoblin skeleton (D:11)
  A hobgoblin zombie (D:11)
  2 orc skeletons (D:11)
  17 orc zombies (D:11)
  6 rats
  A bush (Lair:5)
687 creatures vanquished.

Vanquished Creatures (collateral kills)
  A warg (Orc:1)
  3 orcs (Orc:2)
4 creatures vanquished.

Vanquished Creatures (others)
  A bloated husk (Swamp:1)
  A spriggan (Lair:6)
  A vampire mosquito (Swamp:1)
  2 orc wizards (Orc:2)
  A bat zombie (D:4)
  45 fungi
  63 plants
114 creatures vanquished.

Grand Total: 805 creatures vanquished

Notes
Turn   | Place    | Note
-------+----------+-------------------------------------------
     0 | D:1      | bearlyready the Spriggan Brigand began the quest for the
                  | Orb.
     0 | D:1      | Reached XP level 1. HP: 10/10 MP: 2/2
   492 | D:1      | Reached XP level 2. HP: 6/14 MP: 3/3
   847 | D:1      | Found a faded altar of an unknown god.
  1751 | D:2      | Reached XP level 3. HP: 11/18 MP: 4/4
  1949 | D:2      | Reached skill level 6 in Stealth
  2431 | D:3      | Noticed an ogre
  2499 | D:3      | Found a sacrificial altar of Ru.
  2523 | D:3      | Found a transporter.
  2633 | D:3      | Killed an ogre
  2634 | D:3      | Reached skill level 7 in Stealth
  2634 | D:3      | Reached XP level 4. HP: 22/22 MP: 5/5
  2634 | D:3      | Reached XP level 5. HP: 25/25 MP: 6/6
  2864 | D:3      | Noticed zeram's ghost (amateur KoEn)
  2865 | D:3      | Found a transporter.
  3087 | D:3      | Reached skill level 5 in Short Blades
  3218 | D:3      | Noticed Robin
  3282 | D:3      | Killed Robin
  3471 | D:3      | Found a stormy altar of Qazlal.
  3485 | D:3      | Found an opulent altar of Gozag.
  3586 | D:3      | Became a worshipper of Gozag Ym Sagoz the Greedy
  3692 | D:3      | Found a shimmering altar of Xom.
  3774 | D:4      | Reached skill level 8 in Stealth
  3789 | D:4      | Noticed a lemure
  4037 | D:4      | Reached skill level 1 in Slings
  4037 | D:4      | Reached XP level 6. HP: 30/30 MP: 7/7
  4419 | D:4      | Noticed Pikel
  4469 | D:4      | Killed Pikel
  4470 | D:4      | Reached skill level 9 in Stealth
  4470 | D:4      | Reached XP level 7. HP: 13/33 MP: 8/8
  4724 | D:4      | Reached skill level 10 in Stealth
  4914 | D:4      | Reached XP level 8. HP: 38/38 MP: 9/9
  5321 | D:4      | Reached skill level 5 in Slings
  5565 | D:5      | Entered Level 5 of the Dungeon
  5921 | D:5      | Found a staircase to the Ecumenical Temple.
  5927 | Temple   | Entered the Ecumenical Temple
  6561 | D:5      | Reached skill level 1 in Shields
  6718 | D:5      | Reached skill level 11 in Stealth
  7139 | D:6      | Noticed Grinder
  7140 | D:6      | Killed Grinder
  7141 | D:6      | Reached skill level 1 in Evocations
  7170 | D:6      | Noticed Maggie
  7175 | D:6      | Killed Maggie
  7176 | D:6      | Reached skill level 5 in Dodging
  7176 | D:6      | Reached XP level 9. HP: 42/42 MP: 10/10
  7411 | D:6      | Noticed Sigmund
  7421 | D:6      | Killed Sigmund
  7451 | D:6      | Reached skill level 12 in Stealth
  7464 | D:6      | Noticed Blork the orc
  7504 | D:6      | Killed Blork the orc
  8018 | D:6      | Found a snail-covered altar of Cheibriados.
  8593 | D:6      | Reached skill level 5 in Evocations
  9162 | D:7      | Reached XP level 10. HP: 44/47 MP: 11/11
 10178 | D:8      | Reached skill level 13 in Stealth
 10217 | D:8      | Identified the +8 dagger of the Desolation of Salt {vorpal,
                  | Str+2 Dex+3}
 10544 | D:8      | Noticed a cyclops
 10570 | D:8      | Killed a cyclops
 10670 | D:8      | Noticed a cyclops
 10673 | D:8      | Killed a cyclops
 10860 | D:8      | Found an ornate altar of the Wu Jian Council.
 11192 | D:9      | Found a sparkling altar of Nemelex Xobeh.
 11237 | D:9      | Noticed Erolcha
 11240 | D:9      | Killed Erolcha
 11241 | D:9      | Reached XP level 11. HP: 53/53 MP: 12/12
 11516 | D:9      | Reached skill level 14 in Stealth
 11626 | D:9      | Found a staircase to the Lair.
 11950 | D:9      | Noticed a two-headed ogre
 12035 | D:9      | Killed a two-headed ogre
 12036 | D:9      | Reached skill level 5 in Shields
 12305 | D:9      | Found a shadowy altar of Dithmenos.
 12525 | D:10     | Entered Level 10 of the Dungeon
 12569 | D:10     | Noticed a white ugly thing
 12634 | D:10     | Found a white marble altar of Elyvilon.
 12672 | D:10     | Noticed a two-headed ogre
 12676 | D:10     | Killed a two-headed ogre
 12902 | D:10     | Noticed a centaur warrior
 12905 | D:10     | Killed a centaur warrior
 12906 | D:10     | Reached skill level 5 in Fighting
 13108 | D:10     | Killed a white ugly thing
 13109 | D:10     | Reached skill level 10 in Dodging
 13460 | D:10     | Noticed a lindwurm
 13504 | D:11     | Found a staircase to the Orcish Mines.
 13504 | D:11     | Noticed a centaur warrior
 14812 | D:11     | Reached skill level 15 in Stealth
 15153 | D:11     | Noticed Psyche
 15163 | D:11     | Killed Psyche
 15471 | D:12     | Noticed a sixfirhy
 15480 | D:12     | Reached XP level 12. HP: 60/60 MP: 13/13
 15583 | D:12     | Noticed an eight-headed hydra
 15712 | D:12     | Killed an eight-headed hydra
 16191 | D:12     | Noticed a four-headed hydra
 16195 | D:12     | Killed a four-headed hydra
 16232 | D:12     | Noticed a five-headed hydra
 16313 | D:11     | Reached skill level 10 in Evocations
 16863 | D:3      | Killed zeram's ghost
 17196 | Lair:1   | Entered Level 1 of the Lair of Beasts
 17294 | Lair:1   | Noticed an eight-headed hydra
 17479 | D:9      | Killed an eight-headed hydra
 17665 | Lair:1   | Noticed Grum
 17673 | Lair:1   | Killed Grum
 18818 | Lair:1   | Reached skill level 16 in Stealth
 19472 | Lair:2   | Identified the +8 hand axe "Dulun" {flame, rC+ Str+7 Dex+4}
 19756 | Lair:2   | Reached skill level 10 in Slings
 20026 | Lair:2   | You fall into a shaft and drop 1 floor!
 20027 | Lair:3   | Found a staircase to the Snake Pit.
 20292 | Lair:2   | Reached XP level 13. HP: 66/66 MP: 14/14
 22970 | Lair:3   | You fall into a shaft and drop 1 floor!
 23007 | Lair:4   | Reached skill level 1 in Armour
 23007 | Lair:4   | Reached skill level 17 in Stealth
 23104 | Lair:4   | Found a transporter.
 23114 | Lair:4   | Found a transporter.
 23117 | Lair:4   | Noticed zeram's ghost (journeyman GnEn)
 23150 | Lair:4   | Found a staircase to the Swamp.
 23940 | Lair:4   | Found the +3 pair of seven-league boots {Rampage+∞}
 24953 | Lair:5   | Noticed Nessos
 24960 | Lair:5   | Killed Nessos
 26881 | Lair:6   | Entered Level 6 of the Lair of Beasts
 27297 | Lair:5   | Reached XP level 14. HP: 48/74 MP: 15/15
 28820 | D:11     | Reached skill level 18 in Stealth
 28949 | Orc:1    | Entered Level 1 of the Orcish Mines
 29179 | Orc:1    | Noticed an orc warlord
 29455 | D:11     | Killed an orc warlord
 31161 | Orc:2    | Entered Level 2 of the Orcish Mines
 31161 | Orc:2    | Found a staircase to the Elven Halls.
 32100 | Orc:2    | Found a runed translucent door.
 32137 | Orc:2    | Found a runed translucent door.
 32142 | Orc:2    | Noticed SquidGame's ghost (journeyman TeBe)
 32244 | Orc:2    | Found Qoargh Sixtu's Antique Weapon Shop.
 32244 | Orc:2    | Found Yfet's Antique Armour Emporium.
 32284 | Orc:2    | Found Lomyes's Armour Shop.
 32284 | Orc:2    | Found Faapn's Antique Weapon Shoppe.
 33678 | Orc:2    | Reached skill level 5 in Armour
 33834 | Orc:2    | Reached skill level 19 in Stealth
 34308 | Orc:2    | Reached skill level 15 in Dodging
 34447 | Orc:2    | Bought a fine hat for 216 gold pieces
 34447 | Orc:2    | Identified the -6 hat of Utamudu {+Blink Int+2 SInv} (You
                  | bought it in a shop on level 2 of the Orcish Mines)
 35240 | D:13     | Noticed Rupert
 35280 | D:13     | Found a gate to the Vaults.
 35344 | D:13     | Noticed Sonja
 35348 | D:13     | Killed Sonja
 35349 | D:13     | Reached XP level 15. HP: 40/79 MP: 16/16
 35986 | D:13     | Identified the +10 rapier of Luhelug {venom, Dex+5}
 37262 | Lair:6   | Reached skill level 10 in Short Blades
 37322 | Lair:6   | Found a staircase to the Slime Pits.
 38079 | Lair:6   | Reached skill level 20 in Stealth
 38905 | Lair:6   | Found a white marble altar of Elyvilon.
 39216 | Swamp:1  | Entered Level 1 of the Swamp
 40162 | Swamp:1  | Noticed a fenstrider witch
 40169 | Swamp:1  | Killed a fenstrider witch
 40170 | Swamp:1  | Noticed a fenstrider witch
 40194 | Swamp:1  | Killed a fenstrider witch
 40307 | Swamp:1  | Demolished by a bunyip

Illustrated notes

Levels and vault maps discovered:
D:1:      sevenhm_arrival_forest_fort_large_2, layout_basic,
          basic_ecumenical_altar, minmay_door_square,
          corexii_hall_statues_deadend, kennysheep_minor_cross
D:2:      minmay_general_purpose_star, layout_basic
D:3:      layout_rooms, mainiacjoe_overflow_24_doors,
          mainiacjoe_overflow_alcove_2, mainiacjoe_overflow_big_doors,
          gammafunk_ghost_arena, serial_aquarium, aquarium_bridge_straight
          [aquarium_subvault_bridge, aquarium_subvault_balcony,
          aquarium_subvault_bridge, aquarium_subvault_window],
          aquarium_window_2, aquarium_window_1, aquarium_view_2e,
          aquarium_view_2e, aquarium_pool_five, uniq_robin
D:4:      layout_basic, goddamned_bats, uniq_pikel
D:5:      layout_basic, minmay_temple_entry_statues_fountains,
          minmay_misc_feat_ornament
D:6:      layout_rooms, marbit_many_paths, serial_park_tiny_1,
          uniq_blork_the_orc, uniq_maggie, uniq_sigmund, uniq_grinder
D:7:      layout_gridville
D:8:      layout_loops_cross, mainiacjoe_overflow_surrounded_room
D:9:      layout_loops_ring, grunt_dithmenos_smoke, general_overflow_altar,
          erik_lair_island, uniq_erolcha
D:10:     layout_loops_corners, elyvilon_altar_4, minmay_lindwurm_lava
D:11:     layout_loops_corners, zombieorc2_lemuel, uniq_psyche
D:12:     layout_stronghold
D:13:     layout_cross, david_vaults_2, uniq_sonja, uniq_rupert
Temple:   dshaligram_water_room_temple
Lair:1:   layout_cave_pods, gauntlet_entry_generic, serial_bayou_shore_a,
          lemuel_fruit_tree, uniq_grum
Lair:2:   wad_woods_structure_01, layout_regular_city
Lair:3:   layout_gridlike, minmay_snake_entry_guardpost_small
Lair:4:   layout_roguey, skrybe_swamp_entry_bodies, gammafunk_ghost_arena,
          hellmonk_guarded_unrand_seven_league_boots, lemuel_fruit_fields
Lair:5:   layout_regular_city, uniq_nessos
Lair:6:   minmay_lair_end_enchanted_forest, layout_cave_pods, slime_dummy,
          basic_altar, infiniplex_staircase_pool_2
Swamp:1:  layout_basic_swamp, serial_swamp_ruin, evilmike_swamp_ruin_house_4,
          evilmike_swamp_ruin_house_1, evilmike_swamp_ruin_house_2
Orc:1:    layout_caves, basic_altar, nicolae_orc_stony_grotto,
          nicolae_orc_damp_corner
Orc:2:    st_orc_ogre_mass, layout_caves, basic_altar, gammafunk_ghost_grave,
          lightli_church_of_beogh

Skill      XL: |  1  2  3  4  5  6  7  8  9 10 11 12 13 14 15 |
---------------+----------------------------------------------+-----
Short Blades   | 3 4 5 6 7 8 9 11 | 11.2
Stealth        | 7 8 9 10 11 12 13 15 16 17 19 20 | 20.6
Slings         | 1 4 6 7 8 10 | 10.0
Dodging        | 5 7 9 10 11 13 15 16 | 16.5
Fighting       | 2 4 5 6 8 9 |  9.0
Shields        | 2 3 4 5 |  5.0
Evocations     | 3 5 7 9 11 12 | 12.0
Armour         | 3 5 |  5.0
Throwing       | |  2.3

Action                   |  1- 3 |  4- 6 |  7- 9 | 10-12 | 13-15 || total
-------------------------+-------+-------+-------+-------+-------++-------
Melee: Dagger            |   106 |    57 |   362 |   902 |  1919 ||  3346
       Short sword       |       |    54 |    19 |       |       ||    73
       Rapier            |       |       |       |       |   518 ||   518
 Fire: Hunting sling     |       |    11 |   112 |   345 |   233 ||   701
Throw: Dart              |    27 |    59 |    35 |    44 |   238 ||   403
       Stone             |       |     1 |       |       |    60 ||    61
       Throwing net      |       |       |       |     4 |       ||     4
       Boomerang         |       |       |       |       |     3 ||     3
Evoke: Wand              |       |       |       |    17 |    27 ||    44
  Use: Scroll            |       |       |     8 |    10 |    10 ||    28
       Potion            |       |       |       |       |     1 ||     1
 Stab: Sleeping          |    16 |     5 |    29 |    32 |    37 ||   119
       Distracted        |       |     1 |     3 |    12 |    27 ||    43
       Held in net/web   |       |       |       |     3 |       ||     3
       Paralysed         |       |       |       |     1 |     6 ||     7
Armor: Robe              |    12 |    19 |    15 |       |       ||    46
       Steam dragon scal |       |       |     8 |    39 |    77 ||   124
Dodge: Dodged            |    54 |    76 |   222 |   515 |  1767 ||  2634
Block: Buckler           |       |       |    98 |   371 |   987 ||  1456
